 Dungeon Crawl Stone Soup version 0.28-a0-8-g6e044cfa68 (webtiles) character file.

Game seed: 4390367120461773646

114 Brandom the Skirmisher (level 4, 0/40 HPs)
             Began as a Draconian Abyssal Knight on July 23, 2021.
             Was a Believer of Lugonu.
             Slain by a river rat (7 damage)
             ... on level 4 of the Dungeon.
             The game lasted 00:06:54 (3857 turns).

Brandom the Skirmisher (Draconian Abyssal Knight)   Turns: 3857, Time: 00:06:55

Health: 0/40       AC:  6    Str: 15    XL:     4   Next: 66%
Magic:  5/5        EV: 11    Int: 13    God:    Lugonu [**....]
Gold:   99         SH:  3    Dex: 10    Spells: 2/4 levels left

rFire   . . .      SeeInvis .   a - +1 falchion
rCold   . . .      Faith    .   h - +0 buckler
rNeg    . . .      Spirit   .   (armour unavailable)
rPois   .          Reflect  .   (helmet restricted)
rElec   .          Harm     .   (no cloak)
rCorr   .          Rampage  .   (no gloves)
Will    .....                   n - +0 pair of boots
Stlth   +.........              (no amulet)
HPRegen 0.13/turn               (no ring)
MPRegen 0.09/turn               (no ring)

@: no status effects
A: AC +5, unfitting armour, cold-blooded
a: Renounce Religion, Depart the Abyss, Bend Space


You were on level 4 of the Dungeon.
You worshipped Lugonu.
Lugonu was pleased with you.
You visited 1 branch of the dungeon, and saw 4 of its levels.
You visited the Abyss 1 time.

You collected 99 gold pieces.

Inventory:

Hand Weapons
 a - a +1 falchion (weapon)
 d - a +0 trident
   (You found it on level 1 of the Dungeon)
Armour
 h - a +0 buckler (worn)
   (You found it on level 2 of the Dungeon)
 n - a +0 pair of boots (worn)
   (You found it on level 3 of the Dungeon)
Scrolls
 c - a scroll of enchant armour {unknown}
 g - a scroll of teleportation {@r4}
 k - a scroll of noise {unknown}
 l - a scroll of blinking {unknown}
 o - a scroll of vulnerability {unknown}
Potions
 b - 3 potions of curing {@q1}
 f - 2 potions of heal wounds {@q2}
 i - 2 potions of ambrosia
 m - a potion of lignification {!q}
 p - 2 potions of attraction {unknown}


   Skills:
 + Level 3.8 Fighting
 * Level 3.2 Long Blades
 + Level 2.6 Dodging
 + Level 0.5 Shields
 + Level 0.9 Spellcasting
 + Level 0.5 Air Magic
 + Level 0.8 Poison Magic
 + Level 2.6 Invocations


You had 2 spell levels left.
You knew the following spells:

 Your Spells              Type           Power      Damage    Failure   Level
a - Poisonous Vapours     Pois/Air       4%         N/A       45%         2

Your spell library contained the following spells:

 Spells                   Type           Power      Damage    Failure   Level
 Sting                    Tmut/Pois      4%         1d3       36%         1
 Static Discharge         Conj/Air       1%         N/A       52%         2
 Sublimation of Blood     Necr           0%         N/A       56%         2
 Wereblood                Tmut           0%         N/A       56%         2
 Olgreb's Toxic Radiance  Pois           2%         N/A       97%         4
 Dispel Undead            Necr           0%         3d6       99%         4
 Sticky Flame             Conj/Fire      0%         2d3       99%         4
 Summon Hydra             Summ           0%         N/A       100%        7


Dungeon Overview and Level Annotations

Branches:
Dungeon (4/15)             Temple (0/1) D:4

Altars:
Cheibriados
Elyvilon
Okawaru

Portals:
Sewer: D:4


Innate Abilities, Weirdness & Mutations

Your plain brown scales are hard. (AC +5)
You cannot fit into any form of body armour.
You are cold-blooded and may be slowed by cold attacks.


Message History

You barely miss the adder. The adder bites you.
You are poisoned.
The adder poisons you! The adder barely misses you.
You riposte.
You barely miss the adder. You hit the adder.
You feel sick. The adder bites you but does no damage.
You miss the adder.
You feel sick. You block the adder's attack.
The adder bites you but does no damage.
You hit the adder but do no damage.
Your tail-slap misses the adder.
You feel sick. The adder barely misses you.
You riposte.
You miss the adder. You tail-slap the adder.
You kill the adder!
Lugonu accepts your kill.
No target in view!
No target in view!
You feel sick.
You are no longer poisoned.
You see here 13 arrows.
You enter the shallow water.
Moving in this stuff is going to be slow.
You open the door.
A ball python and a river rat come into view.
The ball python hisses angrily.
Found a glowing drain.
A rat comes into view.
You block the river rat's attack.
There is an open door here.
You barely miss the river rat. The river rat bites you.
You hit the river rat. The river rat bites you.
* * * LOW HITPOINT WARNING * * *
You hit the river rat. You tail-slap the river rat. The river rat bites you.
* * * LOW HITPOINT WARNING * * *
Unknown command.
You barely miss the river rat.
You tail-slap the river rat, but do no damage.
The river rat bites you.
* * * LOW HITPOINT WARNING * * *
The river rat bites you but does no damage.
You enter the shallow water.
Moving in this stuff is going to be slow.
You see here a giant cockroach corpse.
You hear the slow hiss of a very distant avalanche of sand.
You hear the slow rusting of a drain very nearby.
You barely miss the river rat. The river rat bites you.
* * * LOW HITPOINT WARNING * * *
The river rat bites you.
* * * LOW HITPOINT WARNING * * *
You hit the river rat. The river rat bites you.
* * * LOW HITPOINT WARNING * * *
You completely miss the river rat. The river rat bites you!
You die...

*,≈≈≈≈≈≈≈*.######.###
*,≈≈≈*****,#≈≈≈§≈.#
*,,≈≈*,,,,,#≈≈≈≈..#
**,≈≈**,,*,#≈§≈≈.##
**,,**,*,###≈§≈..#
***,,$####≈≈≈≈§.##
,**,,..§≈≈≈≈...##
*,,,,....§...#########
,**,,...........@rS..#######
***,,.##.#########r†.......#
,,,,,,..,* #†(....≈≈≈#
*****##*** #....≈.≈≈≈#
#...≈≈≈≈≈≈# #...≈≈'####
#...≈≈#≈≈≈# #..≈.≈#≈∩≈#
##..≈≈+≈≈≈#


You could see a river rat, a ball python and a rat.

Vanquished Creatures
  2 adders
  A river rat (D:4)
  2 worms
  3 orcs (D:3)
  7 bats
  3 endoplasms
  4 giant cockroaches
  5 goblins
  10 hobgoblins
  8 jackals
  4 quokkas
  4 ball pythons
  A frilled lizard (D:3)
  5 kobolds
  8 rats
67 creatures vanquished.

Notes
Turn   | Place    | Note
-------+----------+-------------------------------------------
     0 | Abyss:1  | Brandom the Draconian Abyssal Knight began the quest for
                  | the Orb.
     0 | Abyss:1  | Reached XP level 1. HP: 19/19 MP: 2/2
    83 | D:1      | Escaped the Abyss
   722 | D:1      | Reached XP level 2. HP: 24/26 MP: 3/3
   769 | D:1      | Reached * piety under Lugonu
  1114 | D:1      | Found a faded altar of an unknown god.
  1208 | D:1      | Reached XP level 3. HP: 31/31 MP: 4/4
  1211 | D:1      | Learned a level 2 spell: Poisonous Vapours
  2796 | D:3      | Found a white marble altar of Elyvilon.
  2797 | D:3      | Found a snail-covered altar of Cheibriados.
  2811 | D:3      | Reached ** piety under Lugonu
  2812 | D:3      | Reached XP level 4. HP: 33/40 MP: 5/5
  3520 | D:3      | Found an iron altar of Okawaru.
  3842 | D:4      | Found a glowing drain.
  3857 | D:4      | Slain by a river rat

Illustrated notes

Levels and vault maps discovered:
D:1:      minmay_arrival_split_and_join, layout_loops_ring,
          basic_ecumenical_altar
D:2:      layout_loops_corners, hangedman_abyss_or_decor_lesser_grid,
          grunt_ministairs_12
D:3:      layout_loops_corners, chequers_temple_overflow_statue_of_worship,
          mainiacjoe_overflow_small_starburst, chequers_mini_garden,
          st_stairs_11, kennysheep_generic_room_5
D:4:      layout_loops_ring, minmay_temple_entry_proselytizer,
          portal_sewer_entry_e, chequers_ossuary_entry_cave,
          grunt_decor_junction

Skill      XL: |  1  2  3 |
---------------+----------+-----
Long Blades    | 3 |  3.2
Fighting       | |  3.8
Dodging        | |  2.6
Shields        | |  0.5
Spellcasting   | |  0.9
Air Magic      | |  0.5
Poison Magic   | |  0.8
Invocations    | |  2.6

Action                   |  1- 3 |  4- 6 || total
-------------------------+-------+-------++-------
Melee: Falchion          |   159 |    71 ||   230
       Tailslap          |     9 |    12 ||    21
Invok: Depart the Abyss  |     1 |       ||     1
  Use: Scroll            |     2 |     4 ||     6
       Potion            |     2 |       ||     2
 Stab: Sleeping          |     3 |     1 ||     4
Armor: Skin              |    50 |    23 ||    73
Dodge: Dodged            |   114 |    52 ||   166
Block: Buckler           |     1 |    11 ||    12
       Rpst.: Falchion   |    35 |    17 ||    52

Table legend: (Time is in decaauts)
 A = Elapsed time spent in this place.
 B = Non-inter-level travel time spent in this place.
 C = Inter-level travel time spent in this place.
 D = Time resting spent in this place.
 E = Time spent auto-exploring this place.
 F = Levels seen in this place.
 G = Mean time per level.
                   A        B        C        D        E       F      G
               +--------+--------+--------+--------+--------+-----+--------+
         Total |   3903 |   3768 |    135 |    507 |   2671 |   5 |  780.6 |
       Dungeon |   3820 |   3685 |    135 |    507 |   2655 |   4 |  955.0 |
         Abyss |     83 |     83 |      0 |      0 |     16 |   1 |   83.0 |
               +--------+--------+--------+--------+--------+-----+--------+

Top non-repeatable levels by time:
     D:1: 1426 daAuts
     D:2: 1266 daAuts
     D:3: 1023 daAuts
     D:4: 104 daAuts
 Abyss:1: 83 daAuts
